 Dungeon Crawl Stone Soup version 0.27-a0-899-ge2d0b17c59 (webtiles) character file.

Game seed: 5971732651471184285

35564 mhtbhm the Protected (level 13, -2/126 HPs)
             Began as a Gargoyle Berserker on Apr 5, 2021.
             Was a High Priest of Trog.
             Slain by a death yak (8 damage)
             ... on level 5 of the Lair of Beasts.
             The game lasted 00:21:13 (21018 turns).

mhtbhm the Protected (Gargoyle Berserker)          Turns: 21018, Time: 00:21:13

Health: -2/126     AC: 26    Str: 25    XL:     13   Next: 84%
Magic:  13/13      EV:  2    Int:  9    God:    Trog [*****.]
Gold:   844        SH: 13    Dex:  9    Spells: 12/12 levels left

rFire    . . .     SeeInvis .   a - +2 whip (flame)
rCold    . . .     Faith    .   c - +0 kite shield
rNeg     + + +     Spirit   .   (armour currently unavailable)
rPois    ∞         Reflect  .   (helmet currently unavailable)
rElec    .         Harm     .   (cloak currently unavailable)
rCorr    .         Rampage  .   (gloves currently unavailable)
Will     .....     NoTele   +   (boots currently unavailable)
Stlth    ++........             (no amulet)
HPRegen  0.31/turn              s - ring of positive energy
MPRegen  0.13/turn              (no ring)

@: tree-form, berserk cooldown, slowed, very slow
A: stationary, stasis, torment immunity, boosted hp, AC +9, negative energy
resistance 1, (electricity resistance), torment resistance 1, (unbreathing 1),
petrification resistance
a: Renounce Religion, Berserk, Trog's Hand, Brothers in Arms


You were on level 5 of the Lair of Beasts.
You worshipped Trog.
Trog was extremely pleased with you.
You were a tree.
You visited 2 branches of the dungeon, and saw 13 of its levels.

You collected 844 gold pieces.

Inventory:

Hand Weapons
 a - a +2 whip of flaming (weapon)
Armour
 b - a +1 plate armour (melded)
 c - a +0 kite shield (worn)
 r - a scarf of resistance (melded)
 x - a +0 helmet (melded)
 A - a +0 pair of gloves (melded)
 D - a +0 pair of boots (melded)
Jewellery
 s - a ring of positive energy (left branch)
Wands
 o - a wand of iceblast (10)
 v - a wand of flame (26)
 y - a wand of polymorph (6)
Scrolls
 g - 3 scrolls of teleportation
 h - 2 scrolls of enchant armour
 i - a scroll of silence {unknown}
 j - 2 scrolls of vulnerability
 m - a scroll of holy word {unknown}
 t - a scroll of noise {unknown}
 u - a scroll of torment {unknown}
 C - a scroll of enchant weapon {unknown}
Potions
 f - 4 potions of attraction
 k - 3 potions of mutation
 l - 5 potions of might
 n - 3 potions of flight
 q - a potion of cancellation
 w - a potion of heal wounds {unknown}
 z - a potion of degeneration {unknown}
 B - a potion of invisibility {unknown}


   Skills:
 + Level 11.1 Fighting
 + Level 12.9 Maces & Flails
 + Level 13.1 Armour
 + Level 4.0 Dodging
 + Level 1.7 Stealth
 + Level 12.0 Shields
 + Level 0.5 Evocations


You had 12 spell levels left.
You didn't know any spells.
Your spell library was empty.

Dungeon Overview and Level Annotations

Branches:
Dungeon (8/15)             Temple (0/1) D:4            Lair (5/6) D:8
  Swamp (0/4) Lair:2       Spider (0/4) Lair:3        Slime (0/5) Lair:5

Altars:
Kikubaaqudgha
The Shining One

Shops:
D:3 (

Annotations:
Lair:5 exclusion: 3 oklob plants


Innate Abilities, Weirdness & Mutations

You are a tree.
Your roots penetrate the ground, keeping you stationary.
You cannot be teleported.
You are immune to unholy pain and torment.
Your maximum health is greatly increased.
Your equipment is partially melded.
((Your stone body is resilient. (AC +9)))
You are immune to poison.
You resist negative energy. (rN+)
((You are resistant to electric shocks. (rElec)))
You are resistant to unholy torment.
((You can survive without breathing.))
You are immune to petrification.


Message History

The basilisk bites you but does no damage.
The death yak gores you.
* * * LOW HITPOINT WARNING * * *
You barely miss the death yak.
The death yak is lightly wounded.
Your ogre hits the basilisk with a +0 giant spiked club!!
The basilisk dies!
Trog accepts your kill. The death yak gores you!
* * * LOW HITPOINT WARNING * * *
Unknown command.
Unknown command.
You hit the death yak. You burn the death yak.
The death yak is lightly wounded.
The death yak gores you!
* * * LOW HITPOINT WARNING * * *
Your ogre barely misses the death yak.
The death yak gores you but does no damage.
Unknown command.
You hit the death yak. You burn the death yak.
The death yak is moderately wounded.
The death yak gores you.
* * * LOW HITPOINT WARNING * * *
Your ogre hits the death yak with a +0 giant spiked club.
The death yak gores you but does no damage.
Unknown command.
You hit the death yak. You burn the death yak.
The death yak is moderately wounded.
You block the death yak's attack.
Your ogre hits the death yak with a +0 giant spiked club!
Unknown command.
You barely miss the death yak.
The death yak is heavily wounded.
The death yak gores you but does no damage. x2
Your ogre completely misses the death yak.
Unknown command.
You hit the death yak. You burn the death yak.
The death yak is heavily wounded.
The death yak gores you!
You die...

......##.# ##.....)#
..[..##### ##....##
....## #P..### #....#
##..P.# #..### ###
#....## ....# ####.#
#.#..#.# ..###
##.>..#####..#####.
..#
##.......##......P<.
..#
#..♣....##..........
.##
###YY....#....#..#...
..#
#....O.......##.## ..
.## ##...........# ##
. .. #...........#.#
#...††.......##
##..........##
#.........###
.P..#......#


You could see 2 death yaks and a friendly ogre (summoned, berserk).

Vanquished Creatures
  8 hydras
  7 death yaks
  A catoblepas (Lair:3)
  Pikel (D:5)
  An oklob plant (Lair:2)
  3 black mambas
  10 cane toads
  2 rime drakes
  10 komodo dragons
  Grinder (D:6)
  3 hornets
  A troll (D:8)
  20 blink frogs
  A tyrant leech (Lair:2)
  2 wyverns
  26 yaks
  Grum (D:8)
  2 basilisks (Lair:1)
  A steam dragon (D:7)
  3 swamp worms (Lair:2)
  13 water moccasins
  5 orc warriors (D:7)
  3 sky beasts
  6 black bears
  An ogre (D:7)
  A necrophage (D:6)
  A centaur (D:8)
  A lemure (D:5)
  A kobold brigand (D:7)
  24 wolves
  7 bullfrogs
  A gnoll sergeant (D:6)
  7 scorpions
  A wyvern skeleton (D:6)
  3 wights (D:8)
  2 electric eels (D:8)
  A centaur zombie (D:8)
  6 hounds
  2 jellies (D:4)
  3 bullfrog skeletons
  2 centaur skeletons
  5 gnoll shamans
  7 orc priests
  2 iguanas
  Jessica (D:2)
  Ijyb (D:3)
  A scorpion zombie (D:5)
  4 orc wizards
  A hound skeleton (D:5)
  2 howler monkey zombies
  Robin (D:3)
  18 gnolls
  5 adders
  An adder skeleton (D:4)
  4 worms
  18 orcs
  11 endoplasms
  4 giant cockroaches
  13 goblins
  14 hobgoblins
  2 jackals (D:1)
  5 kobolds
  A quokka (D:2)
  6 ball pythons
  A ball python skeleton (D:3)
  8 bats
  3 frilled lizards
  5 rats
339 creatures vanquished.

Vanquished Creatures (collateral kills)
  A basilisk (Lair:5)
  An ogre (D:7)
  An electric eel (D:8)
  A gnoll shaman (D:7)
  A hound (D:8)
  3 gnolls (D:7)
8 creatures vanquished.

Vanquished Creatures (others)
  A basilisk (Lair:3)
  An ogre (D:7)
  A gnoll (D:7)
  20 fungi
  17 plants
40 creatures vanquished.

Grand Total: 387 creatures vanquished

Notes
Turn   | Place    | Note
-------+----------+-------------------------------------------
     0 | D:1      | mhtbhm the Gargoyle Berserker began the quest for the Orb.
     0 | D:1      | Reached XP level 1. HP: 14/14 MP: 1/1
    29 | D:1      | HP: 1/21 [endoplasm (3)]
    32 | D:1      | Reached XP level 2. HP: 2/19 MP: 2/2
  1379 | D:1      | Found a faded altar of an unknown god.
  1592 | D:2      | Reached XP level 3. HP: 21/24 MP: 3/3
  1753 | D:2      | Reached ** piety under Trog
  1934 | D:2      | Noticed Jessica
  1940 | D:2      | Killed Jessica
  1941 | D:2      | Reached XP level 4. HP: 29/29 MP: 4/4
  2601 | D:3      | Noticed Ijyb
  2611 | D:3      | Killed Ijyb
  2749 | D:3      | Noticed Robin
  2764 | D:3      | Reached XP level 5. HP: 33/33 MP: 5/5
  2770 | D:3      | Reached skill level 3 in Armour
  2772 | D:3      | Killed Robin
  3272 | D:3      | Reached skill level 1 in Shields
  3786 | D:3      | Found Epuek's Antique Weapon Emporium.
  3795 | D:3      | Reached *** piety under Trog
  3985 | D:4      | Reached XP level 6. HP: 38/39 MP: 6/6
  4013 | D:4      | Noticed a black bear
  4029 | D:4      | Killed a black bear
  4030 | D:4      | Reached skill level 5 in Maces & Flails
  4225 | D:4      | Found a staircase to the Ecumenical Temple.
  4452 | D:4      | Reached XP level 7. HP: 44/44 MP: 7/7
  4652 | D:4      | Reached skill level 4 in Armour
  4842 | D:5      | Entered Level 5 of the Dungeon
  5379 | D:5      | Reached skill level 5 in Fighting
  5632 | D:5      | Reached XP level 8. HP: 49/49 MP: 8/8
  5681 | D:5      | Noticed Pikel
  5702 | D:5      | Killed Pikel
  5703 | D:5      | Reached skill level 5 in Armour
  5969 | D:5      | Reached skill level 6 in Armour
  6144 | D:6      | Found an ancient bone altar of Kikubaaqudgha.
  6398 | D:6      | Reached XP level 9. HP: 54/55 MP: 9/9
  6424 | D:6      | Noticed Grinder
  6447 | D:6      | Killed Grinder
  6769 | D:6      | Reached skill level 7 in Armour
  6959 | D:6      | Noticed a hornet
  6976 | D:6      | Killed a hornet
  6977 | D:6      | Reached **** piety under Trog
  8186 | D:7      | Reached skill level 8 in Armour
  8217 | D:7      | Reached XP level 10. HP: 25/61 MP: 10/10
  9350 | D:8      | Noticed Grum
  9370 | D:8      | Killed Grum
  9371 | D:8      | Reached skill level 10 in Maces & Flails
  9484 | D:8      | Found a staircase to the Lair.
  9514 | D:8      | Reached skill level 9 in Armour
  9978 | D:8      | Reached skill level 1 in Stealth
 10289 | D:8      | Found a glowing golden altar of the Shining One.
 10390 | D:8      | Reached skill level 5 in Shields
 10645 | D:8      | Reached ***** piety under Trog
 11077 | Lair:1   | Entered Level 1 of the Lair of Beasts
 11115 | Lair:1   | Reached XP level 11. HP: 41/67 MP: 11/11
 11270 | Lair:1   | Reached skill level 10 in Armour
 12149 | Lair:1   | Noticed a five-headed hydra
 12161 | Lair:1   | Killed a five-headed hydra
 13727 | Lair:2   | Noticed an oklob plant
 13877 | Lair:2   | Reached XP level 12. HP: 39/75 MP: 12/12
 14168 | Lair:2   | Reached skill level 11 in Armour
 14331 | Lair:2   | Noticed a five-headed hydra
 14331 | Lair:2   | Noticed a four-headed hydra
 14354 | Lair:2   | Killed a four-headed hydra
 14360 | Lair:2   | Killed a five-headed hydra
 14620 | Lair:2   | Found a staircase to the Swamp.
 16185 | Lair:3   | Found a hole to the Spider Nest.
 16493 | Lair:3   | Noticed a catoblepas
 16542 | Lair:3   | Killed a catoblepas
 16771 | Lair:3   | Noticed a five-headed hydra
 16786 | Lair:3   | Killed a five-headed hydra
 16786 | Lair:3   | Received a gift from Trog
 16814 | Lair:3   | Reached skill level 10 in Shields
 16884 | Lair:3   | Noticed a four-headed hydra
 16894 | Lair:3   | Noticed a four-headed hydra
 16900 | Lair:3   | Killed a four-headed hydra
 16906 | Lair:3   | Noticed a four-headed hydra
 16908 | Lair:3   | Killed a four-headed hydra
 16914 | Lair:3   | Reached skill level 10 in Fighting
 16934 | Lair:3   | Killed a four-headed hydra
 16935 | Lair:3   | Reached skill level 12 in Armour
 16935 | Lair:3   | Reached XP level 13. HP: 26/82 MP: 13/13
 20241 | Lair:4   | Reached skill level 13 in Armour
 20635 | Lair:5   | Found a staircase to the Slime Pits.
 21015 | Lair:5   | HP: 6/126 [death yak (2)]
 21018 | Lair:5   | Slain by a death yak

Illustrated notes

Levels and vault maps discovered:
D:1:      tarquinn_simple_flora_water_d, layout_basic, basic_ecumenical_altar,
          serial_aquarium, aquarium_bridge_straight [aquarium_subvault_bridge,
          aquarium_subvault_balcony, aquarium_subvault_bridge,
          aquarium_subvault_wall], aquarium_window_2, aquarium_window_2,
          aquarium_window_2, aquarium_window_fake, aquarium_view_2a,
          aquarium_view_2d
D:2:      layout_loops_cross, minmay_misc_feat_chi, minmay_misc_feat_room,
          minmay_goblin_outpost, uniq_jessica
D:3:      layout_basic, serial_shops, shop_statue, kennysheep_generic_room_8,
          uniq_robin, uniq_ijyb
D:4:      layout_rooms, minmay_temple_entry_mini_moons, grunt_ministairs_14
D:5:      layout_basic, uniq_pikel
D:6:      layout_rooms, amcnicky_altar_gilded, uniq_grinder
D:7:      kennysheep_seaside_town, layout_basic
D:8:      layout_cave_pods, nicolae_tso_swordbearing_angel, erik_lair_island,
          uniq_grum
Lair:1:   layout_roguey, st_stairs_8, infiniplex_staircase_pool_2,
          grunt_megastairs_3, lemuel_fruit_tree
Lair:2:   layout_regular_city, palyth_hydra_swamp_entry
Lair:3:   nzn_winding_woodlands_medium [nzn_winding_woodlands_5x5_checkerboard,
          nzn_winding_woodlands_5x15_zeroes, nzn_winding_woodlands_5x5_cross,
          nzn_winding_woodlands_5x5_open_star,
          nzn_winding_woodlands_center_pierced_h,
          nzn_winding_woodlands_5x5_default, nzn_winding_woodlands_5x5_three,
          nzn_winding_woodlands_5x15_default,
          nzn_winding_woodlands_5x5_closed_star], layout_misc_corridors,
          nicolae_spider_entry_non_spiders
Lair:4:   layout_loops_ring
Lair:5:   layout_cave_pods, minmay_slime_entry_oklob_enclosed

Skill      XL: |  1  2  3  4  5  6  7  8  9 10 11 12 13 |
---------------+----------------------------------------+-----
Dodging        | 2 3 4 |  4.0
Maces & Flails | 4 5 6 8 9 10 11 12 | 12.9
Armour         | 3 4 6 8 9 10 12 13 | 13.1
Fighting       | 4 5 6 7 8 10 11 | 11.1
Shields        | 1 2 3 5 8 10 12 | 12.0
Stealth        | 1 |  1.7
Evocations     | |  0.5

Action                   |  1- 3 |  4- 6 |  7- 9 | 10-12 | 13-15 || total
-------------------------+-------+-------+-------+-------+-------++-------
Melee: Mace              |    96 |   211 |   114 |       |       ||   421
       Whip              |       |       |   332 |  1152 |   619 ||  2103
Invok: Berserk           |     3 |     5 |     9 |    17 |     7 ||    41
       Brothers in Arms  |       |       |       |       |     1 ||     1
Evoke: Wand              |       |       |     3 |     5 |     2 ||    10
  Use: Potion            |       |     4 |     3 |       |     3 ||    10
       Scroll            |       |     1 |     1 |     7 |     3 ||    12
Armor: Animal skin       |    12 |       |       |       |       ||    12
       Plate armour      |    88 |   232 |   268 |   521 |   257 ||  1366
       Skin              |       |       |       |       |    17 ||    17
Dodge: Dodged            |    42 |    80 |   122 |   195 |   118 ||   557
Block: Buckler           |     7 |    48 |    46 |       |       ||   101
       Kite shield       |       |       |    28 |   460 |   260 ||   748

Table legend: (Time is in decaauts)
 A = Elapsed time spent in this place.
 B = Non-inter-level travel time spent in this place.
 C = Inter-level travel time spent in this place.
 D = Time resting spent in this place.
 E = Time spent auto-exploring this place.
 F = Levels seen in this place.
 G = Mean time per level.
                   A        B        C        D        E       F      G
               +--------+--------+--------+--------+--------+-----+--------+
         Total |  20755 |  20578 |    177 |   6487 |  10540 |  13 | 1596.5 |
       Dungeon |  11232 |  11066 |    166 |   2438 |   6645 |   8 | 1404.0 |
          Lair |   9523 |   9512 |     11 |   4048 |   3895 |   5 | 1904.6 |
               +--------+--------+--------+--------+--------+-----+--------+

Top non-repeatable levels by time:
  Lair:3: 3000 daAuts
  Lair:2: 2623 daAuts
     D:7: 2306 daAuts
  Lair:1: 2012 daAuts
     D:8: 1525 daAuts
  Lair:4: 1523 daAuts
     D:1: 1498 daAuts
     D:3: 1471 daAuts
     D:5: 1323 daAuts
     D:2: 1109 daAuts
     D:6: 1096 daAuts
     D:4: 902 daAuts
  Lair:5: 362 daAuts
